 Dungeon Crawl Stone Soup version 0.30-a0-919-g9323dee000 (webtiles) character file.

Game seed: 9391145886186329970

500 CrazyBamboolord the Insei (level 7, -1/51 HPs)
             Began as a Merfolk Transmuter on Mar 21, 2023.
             Succumbed to a water moccasin's poison
             ... on level 4 of the Dungeon.
             The game lasted 00:07:17 (4146 turns).

CrazyBamboolord the Insei (Merfolk Transmuter)      Turns: 4146, Time: 00:07:18

Health: -1/51      AC:  4    Str:  9    XL:     7   Next: 16%
Magic:  12/12      EV: 13    Int: 23    God:
Gold:   287        SH:  0    Dex: 13    Spells: 7/13 levels left

rFire   + + .      SeeInvis +      - Unarmed
rCold   + + .      Faith    .    (no shield)
rNeg    . . .      Spirit   .    p - +0 robe of Akhy {rCorr Int+4}
rPois   +          Reflect  .    l - +1 helmet
rElec   +          Rampage  .    c - scarf {rC+ rF+}
rCorr   +                        (no gloves)
Will    .....                    (no boots)
Stlth   ++                       (no amulet)
HPRegen 0.28/turn                h - ring of see invisible
MPRegen 0.13/turn                (no ring)

@: lethally poisoned (-1 -> -8), resistant
A: (nimble swimmer 2), mertail, clever 1, sense surroundings 1, screaming 1
a: no special abilities


You were on level 4 of the Dungeon.
You visited 1 branch of the dungeon, and saw 5 of its levels.

You collected 287 gold pieces.

Inventory:

Armour
 a - a +0 robe
 c - a scarf of resistance (worn)
 l - a +1 helmet (worn)
 p - the +0 robe of Akhy (worn) {rCorr Int+4}
   (You found it on level 4 of the Dungeon)

   Int:       It affects your intelligence (+4).
   rCorr:     It protects you from acid and corrosion.
Jewellery
 h - a ring of see invisible (left hand)
Wands
 b - a wand of digging (5)
 j - a wand of mindburst (15)
Scrolls
 d - a scroll of teleportation
 f - 2 scrolls of magic mapping
 i - 2 scrolls of immolation
 k - 2 scrolls of butterflies
 m - a scroll of blinking {unknown}
 n - a scroll of vulnerability {unknown}
 q - a scroll of torment {unknown}
 r - a scroll of silence {unknown}
 s - a scroll of noise {unknown}
Potions
 g - 3 potions of might
 o - a potion of resistance


   Skills:
 * Level 2.3 Fighting
 * Level 4.2 Dodging
 + Level 1.2 Stealth
 * Level 5.7 Unarmed Combat
 * Level 3.5 Spellcasting
 * Level 4.1 Transmutations
 * Level 1.9 Poison Magic


You had 7 spell levels left.
You knew the following spells:

 Your Spells              Type           Power      Damage    Failure   Level
a - Beastly Appendage     Tmut           46%        N/A       1%          1
b - Wereblood             Tmut           23%        N/A       3%          2
c - Spider Form           Tmut/Pois      18%        N/A       10%         3

Your spell library contained the following spells:

 Spells                   Type           Power      Damage    Failure   Level
 Poisonous Vapours        Pois/Air       16%        N/A       11%         2
 Cigotuvi's Dreadful Rot  Necr/Pois/Air  14%        N/A       13%         2
 Mephitic Cloud           Conj/Pois/Air  7%         N/A       26%         3
 Ice Form                 Ice/Tmut       13%        N/A       43%         4


Dungeon Overview and Level Annotations

Branches:
Dungeon (5/15)
 Temple: D:4-7

Altars:
Ashenzari
Elyvilon
Gozag
Makhleb
Uskayaw
Vehumet
Xom

Shops:
D:1 (

Annotations:
D:5 Pikel


Innate Abilities, Weirdness & Mutations

((You are very nimble when in or above water. (Stealth+, EV+, Speed+++)))
Your lower body shifts to a powerful aquatic tail in water.
Your mind is acute. (Int +4, Str/Dex -1)
You passively map a small area around you.
You occasionally shout uncontrollably at your foes.


Message History

Press: ? - help, Shift-Dir - straight line, f - water moccasin
Aim: a water moccasin (chance to affect: 64%)
The water moccasin struggles to resist.
You feel sick. The water moccasin bites you.
You are more poisoned.
The water moccasin poisons you! The lemure hits you but does no damage.
Aiming: Mindburst
Press: ? - help, Shift-Dir - straight line, f/p - water moccasin
Aim: a water moccasin (chance to affect: 64%)
The water moccasin's mind is blasted!!
You feel very sick.
The water moccasin bites you but does no damage.
The water moccasin barely misses you. The lemure hits you.
Aiming: Mindburst
Press: ? - help, Shift-Dir - straight line, f/p - water moccasin
Aim: a water moccasin (almost dead, chance to affect: 64%)
The water moccasin's mind is blasted!
You blow up the water moccasin!
You feel very sick. The lemure hits you.
* * * LOW HITPOINT WARNING * * *
You have reached level 7!
The lemure attacks as you move away! The lemure hits you.
* * * LOW HITPOINT WARNING * * *
x2 You feel very sick.
It was a potion of resistance.
You feel protected.
* * * LOW HITPOINT WARNING * * *
You feel very sick. The lemure barely misses you.
It was a potion of mutation.
You feel extremely strange.
You feel the urge to shout.
You feel a strange attunement to the structure of the dungeons.
You feel clever.
* * * LOW HITPOINT WARNING * * *
You feel very sick. The lemure misses you.
Unknown command.
You closely miss the lemure.
You die...

#..##.## ## #.##...# ### ###
#### #. #.#....####.###.#
###..## ##
#..####..#..##..####.....# ##.
###.####..#####.##.....#.#####.#
#.##..##..# ##......##.)##..##
##.###....# #.....##..#...##
##.###...## ##.........##..#
##..#....####@5.###...####.##
##...............#...# #..#
#...................# ##.##
###.###......##.....## #.##
#.....#......####....## #.)#
#.#.###......# ##....###...
#.._..#......## #......##..
###.#.#....)..####..........
#.....#.....<...............


You could see a lemure.

Vanquished Creatures
  A water moccasin (D:4)
  An ogre (D:4)
  A phantom (D:3)
  A lemure (D:4)
  A scorpion (D:4)
  2 sleepcaps
  Terence (D:3)
  2 adders
  3 worms
  2 dart slugs
  5 orcs
  8 endoplasms
  3 giant cockroaches
  4 hobgoblins
  9 jackals
  9 ball pythons
  5 bats
  3 frilled lizards
  5 goblins
  8 kobolds
  7 rats
81 creatures vanquished.

Notes
Turn   | Place    | Note
-------+----------+-------------------------------------------
     0 | D:1      | CrazyBamboolord the Merfolk Transmuter began the quest for
                  | the Orb.
     0 | D:1      | Reached XP level 1. HP: 15/15 MP: 3/3
   112 | D:1      | Reached XP level 2. HP: 21/21 MP: 5/5
   379 | D:1      | Found Saowugux's Antique Weapon Shop.
   853 | D:2      | Reached XP level 3. HP: 24/26 MP: 4/6
   856 | D:2      | Learned a level 2 spell: Wereblood
   860 | D:2      | Learned a level 3 spell: Spider Form
  1008 | D:2      | Reached skill level 4 in Unarmed Combat
  1265 | D:2      | Found a shimmering altar of Xom.
  1282 | D:2      | You fall into a shaft and drop 1 floor!
  1382 | D:2      | Reached XP level 4. HP: 16/32 MP: 5/7
  2178 | D:3      | Found a hide-covered altar of Uskayaw.
  2461 | D:3      | Noticed Terence
  2471 | D:3      | Killed Terence
  2472 | D:3      | Reached skill level 1 in Poison Magic
  2472 | D:3      | Reached XP level 5. HP: 31/37 MP: 4/9
  2531 | D:3      | Found a white marble altar of Elyvilon.
  2650 | D:4      | Noticed an ogre
  2688 | D:4      | Identified the +0 robe of Akhy {rCorr Int+4}
  2705 | D:4      | Found a shimmering altar of Xom.
  2868 | D:4      | Found a radiant altar of Vehumet.
  2958 | D:4      | Found an opulent altar of Gozag.
  3113 | D:4      | Killed an ogre
  3114 | D:4      | Reached skill level 1 in Stealth
  3114 | D:4      | Reached skill level 5 in Unarmed Combat
  3114 | D:4      | Reached XP level 6. HP: 27/44 MP: 7/10
  3343 | D:4      | Found a burning altar of Makhleb.
  3421 | D:4      | Found a broken altar of Ashenzari.
  3594 | D:5      | Entered Level 5 of the Dungeon
  3838 | D:5      | Noticed a water moccasin
  3849 | D:5      | Noticed Pikel
  4142 | D:4      | Killed a water moccasin
  4143 | D:4      | Reached XP level 7. HP: 15/51 MP: 12/12
  4145 | D:4      | Gained mutation: You occasionally shout uncontrollably at
                  | your foes. [potion of mutation]
  4145 | D:4      | Gained mutation: You passively map a small area around you.
                  | [potion of mutation]
  4145 | D:4      | Gained mutation: Your mind is acute. (Int +4, Str/Dex -1)
                  | [potion of mutation]
  4145 | D:4      | HP: 1/51 [poisoned by a water moccasin]
  4146 | D:4      | Succumbed to a water moccasin's poison

Illustrated notes

Levels and vault maps discovered:
D:1:      wander_arrival_chamber, layout_basic, serial_shops, shop_fountains,
          minmay_surrounded
D:2:      layout_rooms, basic_altar, solitary_fountain
D:3:      layout_basic, mainiacjoe_overflow_alcove_1,
          nicolae_uskayaw_murder_on_the_dancefloor, uniq_terence
D:4:      layout_layer_cave, vehumet_crystals, mainiacjoe_overflow_tiny_flanked,
          nicolae_gozag_cash_rules_everything_around_me,
          mainiacjoe_overflow_surrounded_room, ashenzari_conservatory_becter,
          serial_glass, glass_columns_c, glass_columns_c, glass_columns_c,
          glass_columns_a
D:5:      minmay_inner_zag, layout_cave_pods, nicolae_figureground_sparkle,
          uniq_pikel

Skill      XL: |  1  2  3  4  5  6 |
---------------+-------------------+-----
Dodging        | 3 4 |  4.2
Transmutations | 3 4 |  4.1
Unarmed Combat | 4 5 |  5.7
Poison Magic   | 1 |  1.9
Spellcasting   | 3 |  3.5
Fighting       | 2 |  2.3
Stealth        | 1 |  1.2

Action                     |  1- 3 |  4- 6 |  7- 9 || total
---------------------------+-------+-------+-------++-------
  Melee: Unarmed           |   133 |   162 |     1 ||   296
         Headbutt          |    13 |    27 |       ||    40
         Punch             |     3 |     6 |       ||     9
   Cast: Beastly Appendage |    27 |    30 |       ||    57
         Spider Form       |       |     2 |       ||     2
         Wereblood         |       |     1 |       ||     1
  Evoke: Wand              |       |     4 |       ||     4
    Use: Potion            |     2 |     1 |     2 ||     5
         Scroll            |       |     7 |       ||     7
   Stab: Sleeping          |     1 |     1 |       ||     2
 Armour: Robe              |    23 |    33 |       ||    56
         Skin              |       |     1 |       ||     1
  Dodge: Dodged            |   102 |   145 |     2 ||   249

Table legend: (Time is in decaauts)
 A = Elapsed time spent in this place.
 B = Non-inter-level travel time spent in this place.
 C = Inter-level travel time spent in this place.
 D = Time resting spent in this place.
 E = Time spent auto-exploring this place.
 F = Levels seen in this place.
 G = Mean time per level.
                   A        B        C        D        E       F      G
               +--------+--------+--------+--------+--------+-----+--------+
         Total |   4128 |   3841 |    287 |    408 |   2612 |   5 |  825.6 |
       Dungeon |   4128 |   3841 |    287 |    408 |   2612 |   5 |  825.6 |
               +--------+--------+--------+--------+--------+-----+--------+

Top non-repeatable levels by time:
     D:3: 1231 daAuts
     D:4: 1086 daAuts
     D:1: 889 daAuts
     D:2: 825 daAuts
     D:5: 95 daAuts
